Sabres vs Oilers

Created - March 22, 2015 at 10:12

Goals
1 2 3 T
Sabres 0 0 1 1
Oilers 1 2 1 4
Shots
1 2 3 T
Sabres 8 5 6 19
Oilers 9 16 15 40

1st period

1. Oilers , Tyler Bozak 30 (Mats Zuccarello, Kyle Quincey) at 5:41

Penalties :
Marc Methot (EDM) for Roughing (Minor) at 11:37

2nd period

2. Oilers , Bobby Ryan 27 (Jake Muzzin, Mikkel Boedker) at 6:01 (PP)
3. Oilers , Mats Zuccarello 24 (Brian Campbell, Shane Doan) at 13:55 (PP)

Penalties :
Grant Clitsome (BUF) for Holding (Minor) at 5:05, Oliver Ekman-Larsson (BUF) for Tripping (Minor) at 7:39, Francois Beauchemin (BUF) for Tripping (Minor) at 13:43

3rd period

4. Sabres , Paul Gaustad 6 (Brad Stuart, Daniel Winnik) at 1:14 (SH)
5. Oilers , Tyler Bozak 31 (Brian Campbell, Mats Zuccarello) at 1:38 (PP)

Penalties :
Grant Clitsome (BUF) for High sticking (Minor) at 0:42, Marc Methot (EDM) for Cross-checking (Minor) at 15:34, Paul Byron (BUF) for High sticking (Double Minor) at 15:34

Goalie Stats

Jhonas Enroth (BUF), 36 saves from 40 shots - (0.900), L, 3-5-3, 60:00 minutes
Kari Lehtonen (EDM), 18 saves from 19 shots - (0.947), W, 33-25-3, 60:00 minutes

Players Stats for Sabres

Player Name              G  A  P  +/- PIM S  H  SB GA TA FO     MP     PP MP  PK MP  
------------------------------------------------------------------------------------
Brad Boyes               0  0  0   0  0   1  0  0  0  0  0/0    17:40   1:25   0:00 
Brad Stuart              0  1  1   0  0   1  3  1  0  0  0/0    17:23   0:00   2:35 
Brayden Schenn           0  0  0   0  0   2  0  0  0  0  6/7    17:40   1:25   0:00 
Braydon Coburn           0  0  0   1  0   0  4  2  0  0  0/0    25:53   1:25   2:35 
Daniel Winnik            0  1  1   1  0   0  1  0  0  0  2/2    14:40   0:00   4:45 
Dustin Penner            0  0  0   0  0   0  0  0  0  0  0/0     5:31   0:00   1:14 
Francois Beauchemin      0  0  0   0  2   1  1  3  0  0  0/0    19:36   0:34   3:01 
Grant Clitsome           0  0  0   0  4   0  0  1  0  0  0/0    17:32   0:34   0:27 
Jonathan Huberdeau       0  0  0   0  0   1  0  0  0  0  2/10   12:20   1:25   0:00 
Jordan Staal             0  0  0   0  0   1  3  0  0  0  8/13   17:29   0:00   1:14 
Josh Gorges              0  0  0  -1  0   1  2  0  0  0  0/0    15:29   0:00   3:28 
Kris Versteeg            0  0  0   0  0   0  0  0  0  0  0/0     4:41   0:00   0:24 
Kyle Turris              0  0  0  -1  0   3  0  0  0  0  15/29  21:05   0:34   0:00 
Nino Niederreiter        0  0  0  -1  0   1  1  0  0  0  0/1    21:06   0:34   0:00 
Oliver Ekman-Larsson     0  0  0   0  2   1  3  2  0  0  0/0    24:03   1:25   0:00 
Paul Byron               0  0  0   0  4   1  1  0  0  0  0/0     9:54   0:00   0:00 
Paul Gaustad             1  0  1   1  0   1  2  1  0  0  10/17   8:46   0:00   4:29 
Thomas Vanek             0  0  0  -1  0   4  0  0  0  0  0/1    21:05   0:34   0:00 

Players Stats for Oilers

Player Name              G  A  P  +/- PIM S  H  SB GA TA FO     MP     PP MP  PK MP  
------------------------------------------------------------------------------------
Aleksander Barkov        0  0  0   0  0   0  0  0  0  0  2/4     3:58   0:00   0:00 
Alex Petrovic            0  0  0   0  0   0  0  1  0  0  0/0     4:39   0:00   0:00 
Bobby Ryan               1  0  1  -1  0   6  3  0  0  0  0/0    19:28   2:55   0:00 
Brad Richards            0  0  0  -1  0   3  0  0  0  0  13/23  20:34   2:55   0:24 
Brian Campbell           0  2  2   0  0   3  0  0  0  0  0/0    27:36   3:14   0:50 
Chad Ruhwedel            0  0  0   0  0   0  0  2  0  0  0/0    13:11   0:00   0:50 
Dainius Zubrus           0  0  0   0  0   1  2  0  0  0  3/13   12:58   0:00   0:00 
David Booth              0  0  0   0  0   0  0  0  0  0  1/1     4:34   0:00   0:36 
Drew Miller              0  0  0   0  0   1  3  0  0  0  0/1    12:57   0:00   0:00 
Jake Muzzin              0  1  1   0  0   1  6  1  0  0  0/0    20:03   2:49   1:09 
Justin Williams          0  0  0   0  0   6  0  0  0  0  3/5    13:46   0:00   0:49 
Kyle Quincey             0  1  1   0  0   2  0  3  0  0  0/0    20:03   2:49   1:09 
Marc Methot              0  0  0   0  4   0  4  0  0  0  0/0    21:51   3:14   0:00 
Marco Scandella          0  0  0   0  0   0  1  2  0  0  0/0    12:35   0:00   0:00 
Mats Zuccarello          1  2  3   1  0   8  0  0  0  0  2/6    20:45   3:08   0:24 
Mikkel Boedker           0  1  1  -1  0   2  4  0  0  0  0/1    19:28   2:55   0:00 
Shane Doan               0  1  1   1  0   2  4  0  0  0  1/2    21:54   3:08   0:59 
Tyler Bozak              2  0  2   1  0   5  1  0  0  0  12/24  25:40   3:08   0:46 

3 Stars

1 - Tyler Bozak (EDM)
2 - Mats Zuccarello (EDM)
3 - Paul Gaustad (BUF)

Power Play

Sabres - 0 on 1 Attempt(s) - 0.00%
Oilers - 3 on 5 Attempt(s) - 60.00%

Penalty Kill

Sabres - 2 on 5 Attempt(s) - 40.00% - Score 1 goal in Penalty Kill
Oilers - 1 on 1 Attempt(s) - 100.00% - Score 0 goal in Penalty Kill

Team Stat

Sabres - Hits : 21 - Faceoff Wins : 43 - Blocked Shots : 10 - Penalty Minutes : 12
Oilers - Hits : 28 - Faceoff Wins : 37 - Blocked Shots : 9 - Penalty Minutes : 4

Official

Referees : Paul Devorski and Trevor Hanson
Linesman : Mark Shewchyk and Pierre Racicot

Game Notes

No Game Note

Finance

Level 1 -- Attendance: 6213 (95.58%) -- Ticket Income $509,466
Level 2 -- Attendance: 4585 (91.70%) -- Ticket Income $330,120
Level 3 -- Attendance: 2126 (60.74%) -- Ticket Income $138,190
Level 4 -- Attendance: 839 (100.00%) -- Ticket Income $53,696
Luxury Box -- Attendance: 970 (97.00%) -- Ticket Income $198,850
Game was played at the Rexall Place'
Total Attendance: 14733 (87.49%)
Total Ticket Income: $1,230,322
Other Income: $184,548
Total Income: $1,414,870

% Time on Ice - Sabres

Lines # - Real PCT - Wanted PCT - Time Play
Normal Forward
1 - 39% - 40% - 19:32
2 - 33% - 30% - 16:15
3 - 20% - 20% - 9:55
4 - 9% - 10% - 4:17
Normal Defense
1 - 43% - 45% - 21:39
2 - 29% - 30% - 14:17
3 - 24% - 20% - 11:47
4 - 5% - 5% - 2:16
PP Forward
1 - 29% - 60% - 0:34
2 - 71% - 40% - 1:25
PP Defense
1 - 71% - 60% - 1:25
2 - 29% - 40% - 0:34
PK Forward
1 - 80% - 60% - 4:49
2 - 20% - 40% - 1:14
PK Defense
1 - 57% - 60% - 3:28
2 - 43% - 40% - 2:35
PK3 Forward
1 - 0% - 60%
2 - 0% - 40%
PK3 Defense
1 - 0% - 60%
2 - 0% - 40%
44 Forward
1 - 100% - 60% - 1:59
2 - 0% - 40% - 0:00
44 Defense
1 - 88% - 60% - 1:45
2 - 12% - 40% - 0:14
Last Minute Offensive  - 0:00
Last Minute Defensive  - 0:00
Total
Forward - 60:00
Defense - 60:00

% Time on Ice - Oilers

Lines # - Real PCT - Wanted PCT - Time Play
Normal Forward
1 - 33% - 40% - 16:31
2 - 33% - 30% - 16:33
3 - 26% - 20% - 12:57
4 - 8% - 10% - 3:58
Normal Defense
1 - 37% - 40% - 18:39
2 - 31% - 30% - 15:44
3 - 23% - 20% - 11:39
4 - 8% - 10% - 3:57
PP Forward
1 - 52% - 60% - 3:08
2 - 48% - 40% - 2:55
PP Defense
1 - 53% - 60% - 3:14
2 - 47% - 40% - 2:49
PK Forward
1 - 80% - 60% - 1:35
2 - 20% - 40% - 0:24
PK Defense
1 - 42% - 60% - 0:50
2 - 58% - 40% - 1:09
PK3 Forward
1 - 0% - 60%
2 - 0% - 40%
PK3 Defense
1 - 0% - 50%
2 - 0% - 50%
44 Forward
1 - 65% - 60% - 1:17
2 - 35% - 40% - 0:42
44 Defense
1 - 82% - 60% - 1:38
2 - 18% - 40% - 0:21
Last Minute Offensive  - 0:00
Last Minute Defensive  - 0:00
Total
Forward - 60:00
Defense - 60:00

Play by Play

1st period


0:01 of 1st period - Tyler Bozak wins face-off versus Kyle Turris in neutral zone.
0:47 of 1st period - Shot by Kyle Turris.
0:47 of 1st period - Stopped by Kari Lehtonen with a rebound.
1:23 of 1st period - Shot by Brayden Schenn.
1:23 of 1st period - Stopped by Kari Lehtonen without a rebound.
1:24 of 1st period - Brad Richards wins face-off versus Jonathan Huberdeau in Oilers zone.
2:01 of 1st period - Shot by Brad Richards.
2:01 of 1st period - Stopped by Jhonas Enroth without a rebound.
2:02 of 1st period - Paul Gaustad wins face-off versus Drew Miller in Sabres zone.
2:36 of 1st period - Shot by Dustin Penner.
2:36 of 1st period - Shot Blocked by Chad Ruhwedel.
2:44 of 1st period - Shot by Dainius Zubrus.
2:44 of 1st period - Shot Blocked by Francois Beauchemin.
3:28 of 1st period - Shot by Aleksander Barkov.
3:28 of 1st period - Deflect By Tyler Bozak.
3:28 of 1st period - Shot Misses the Net.
3:35 of 1st period - Icing by Oliver Ekman-Larsson.
3:36 of 1st period - Brad Richards wins face-off versus Jordan Staal in Sabres zone.
4:36 of 1st period - Brian Campbell is hit by Josh Gorges and loses puck.
5:25 of 1st period - Icing by Brad Stuart.
5:26 of 1st period - Kyle Turris wins face-off versus Mats Zuccarello in Sabres zone.
5:41 of 1st period - Shot by Tyler Bozak.
5:41 of 1st period - Goal by Tyler Bozak - Sabres : 0 - Oilers : 1.
5:42 of 1st period - David Booth wins face-off versus Jonathan Huberdeau in neutral zone.
6:00 of 1st period - Shot by Brian Campbell.
6:00 of 1st period - Shot Misses the Net.
6:02 of 1st period - Shot by Brian Campbell.
6:02 of 1st period - Stopped by Jhonas Enroth with a rebound.
6:04 of 1st period - Shot by Tyler Bozak.
6:04 of 1st period - Stopped by Jhonas Enroth without a rebound.
6:05 of 1st period - Jordan Staal wins face-off versus Brad Richards in Sabres zone.
6:05 of 1st period - Jordan Staal is hit by Bobby Ryan.
6:12 of 1st period - Off-side.
6:13 of 1st period - Jordan Staal wins face-off versus Tyler Bozak in neutral zone.
6:28 of 1st period - Shot by Shane Doan.
6:28 of 1st period - Shot Misses the Net.
6:30 of 1st period - Shot by Tyler Bozak.
6:30 of 1st period - Shot Hit the Post.
7:22 of 1st period - Shot by Bobby Ryan.
7:22 of 1st period - Stopped by Jhonas Enroth without a rebound.
7:23 of 1st period - Kyle Turris wins face-off versus Dainius Zubrus in Sabres zone.
7:27 of 1st period - Chad Ruhwedel is hit by Brad Stuart and loses puck.
7:30 of 1st period - Shot by Dainius Zubrus.
7:30 of 1st period - Shot Misses the Net.
7:32 of 1st period - Shot by Dainius Zubrus.
7:32 of 1st period - Deflect By Justin Williams.
7:32 of 1st period - Stopped by Jhonas Enroth without a rebound.
7:33 of 1st period - Brad Richards wins face-off versus Jonathan Huberdeau in Sabres zone.
7:36 of 1st period - Shot by Brad Richards.
7:36 of 1st period - Stopped by Jhonas Enroth without a rebound.
7:37 of 1st period - Kyle Turris wins face-off versus Brad Richards in Sabres zone.
7:37 of 1st period - Kyle Turris is hit by Mikkel Boedker.
7:42 of 1st period - Grant Clitsome is hit by Mikkel Boedker and loses puck.
8:11 of 1st period - Shot by Bobby Ryan.
8:11 of 1st period - Stopped by Jhonas Enroth with a rebound.
8:16 of 1st period - Nino Niederreiter is hit by Mikkel Boedker and loses puck.
8:43 of 1st period - Shot by Jonathan Huberdeau.
8:43 of 1st period - Shot Misses the Net.
8:45 of 1st period - Shot by Paul Byron.
8:45 of 1st period - Shot Misses the Net.
8:47 of 1st period - Shot by Paul Byron.
8:47 of 1st period - Stopped by Kari Lehtonen without a rebound.
8:48 of 1st period - Paul Gaustad wins face-off versus Dainius Zubrus in Oilers zone.
10:22 of 1st period - Icing by Tyler Bozak.
10:23 of 1st period - Tyler Bozak wins face-off versus Kyle Turris in Oilers zone.
10:41 of 1st period - Kyle Turris is hit by Marc Methot and loses puck.
11:37 of 1st period - Minor Penalty to Marc Methot for Roughing.
11:38 of 1st period - Brayden Schenn wins face-off versus Justin Williams in Oilers zone.
11:45 of 1st period - Shot by Brayden Schenn.
11:45 of 1st period - Stopped by Kari Lehtonen without a rebound.
11:46 of 1st period - Brayden Schenn wins face-off versus Justin Williams in Oilers zone.
12:21 of 1st period - Shot by Jonathan Huberdeau.
12:21 of 1st period - Stopped by Kari Lehtonen without a rebound.
12:22 of 1st period - Justin Williams wins face-off versus Kyle Turris in Oilers zone.
12:51 of 1st period - Shot by Thomas Vanek.
12:51 of 1st period - Stopped by Kari Lehtonen with a rebound.
12:53 of 1st period - Shot by Thomas Vanek.
12:53 of 1st period - Stopped by Kari Lehtonen without a rebound.
12:54 of 1st period - Mats Zuccarello wins face-off versus Brayden Schenn in Oilers zone.
14:01 of 1st period - Off-side.
14:02 of 1st period - Brad Richards wins face-off versus Kyle Turris in neutral zone.
14:46 of 1st period - Off-side.
14:47 of 1st period - Aleksander Barkov wins face-off versus Jonathan Huberdeau in neutral zone.
15:58 of 1st period - Shot by Jordan Staal.
15:58 of 1st period - Shot Blocked by Kyle Quincey.
16:00 of 1st period - Shot by Brad Boyes.
16:00 of 1st period - Shot Misses the Net.
16:02 of 1st period - Shot by Brad Boyes.
16:02 of 1st period - Shot Misses the Net.
16:20 of 1st period - Shot by Brad Boyes.
16:20 of 1st period - Shot Blocked by Jake Muzzin.
16:22 of 1st period - Shot by Jordan Staal.
16:22 of 1st period - Stopped by Kari Lehtonen with a rebound.
18:13 of 1st period - Shot by Jonathan Huberdeau.
18:13 of 1st period - Shot Misses the Net.
18:49 of 1st period - Shot by Brian Campbell.
18:49 of 1st period - Stopped by Jhonas Enroth without a rebound.
18:50 of 1st period - Paul Gaustad wins face-off versus Brad Richards in Sabres zone.
18:57 of 1st period - Icing by Marc Methot.
18:58 of 1st period - Brayden Schenn wins face-off versus Mikkel Boedker in Oilers zone.
Goals for this period are 0 for Sabres vs 1 for Oilers.
Shots for this period are 8 for Sabres vs 9 for Oilers.

2nd period


0:01 of 2nd period - Kyle Turris wins face-off versus Tyler Bozak in neutral zone.
0:03 of 2nd period - Oliver Ekman-Larsson is hit by Marc Methot and loses puck.
0:14 of 2nd period - Shot by Mats Zuccarello.
0:14 of 2nd period - Stopped by Jhonas Enroth with a rebound.
0:35 of 2nd period - Kyle Turris is hit by Marc Methot and loses puck.
1:00 of 2nd period - Kyle Turris is hit by Mikkel Boedker and loses puck.
1:17 of 2nd period - Icing by Chad Ruhwedel.
1:18 of 2nd period - Brayden Schenn wins face-off versus Brad Richards in Oilers zone.
1:39 of 2nd period - Shot by Brayden Schenn.
1:39 of 2nd period - Shot Misses the Net.
1:41 of 2nd period - Shot by Brad Stuart.
1:41 of 2nd period - Stopped by Kari Lehtonen without a rebound.
1:42 of 2nd period - Dainius Zubrus wins face-off versus Jonathan Huberdeau in Oilers zone.
2:27 of 2nd period - Shot by Justin Williams.
2:27 of 2nd period - Stopped by Jhonas Enroth without a rebound.
2:28 of 2nd period - Jordan Staal wins face-off versus Tyler Bozak in Sabres zone.
2:40 of 2nd period - Brian Campbell is hit by Brad Stuart and loses puck.
2:43 of 2nd period - Shot by Alex Petrovic.
2:43 of 2nd period - Deflect By Mats Zuccarello.
2:43 of 2nd period - Stopped by Jhonas Enroth without a rebound.
2:44 of 2nd period - Kyle Turris wins face-off versus Brad Richards in Sabres zone.
2:51 of 2nd period - Shot by Kyle Turris.
2:51 of 2nd period - Deflect By Thomas Vanek.
2:51 of 2nd period - Shot Misses the Net.
3:56 of 2nd period - Jordan Staal is hit by Shane Doan and loses puck.
4:17 of 2nd period - Shot by Tyler Bozak.
4:17 of 2nd period - Shot Misses the Net.
4:25 of 2nd period - Shot by Tyler Bozak.
4:25 of 2nd period - Stopped by Jhonas Enroth without a rebound.
4:26 of 2nd period - Jonathan Huberdeau wins face-off versus Dainius Zubrus in Sabres zone.
4:28 of 2nd period - Francois Beauchemin is hit by Drew Miller.
4:41 of 2nd period - Daniel Winnik is hit by Jake Muzzin and loses puck.
5:05 of 2nd period - Minor Penalty to Grant Clitsome for Holding.
5:06 of 2nd period - Brad Richards wins face-off versus Paul Gaustad in Sabres zone.
5:07 of 2nd period - Shot by Brian Campbell.
5:07 of 2nd period - Stopped by Jhonas Enroth without a rebound.
5:08 of 2nd period - Paul Gaustad wins face-off versus Tyler Bozak in Sabres zone.
5:35 of 2nd period - Mats Zuccarello is hit by Daniel Winnik.
5:43 of 2nd period - Shot by Mats Zuccarello.
5:43 of 2nd period - Stopped by Jhonas Enroth without a rebound.
5:44 of 2nd period - Paul Gaustad wins face-off versus Brad Richards in Sabres zone.
6:01 of 2nd period - Shot by Bobby Ryan.
6:01 of 2nd period - Goal by Bobby Ryan - Sabres : 0 - Oilers : 2.
6:02 of 2nd period - Justin Williams wins face-off versus Kyle Turris in neutral zone.
6:10 of 2nd period - Justin Williams is hit by Braydon Coburn and loses puck.
6:13 of 2nd period - Shot by Drew Miller.
6:13 of 2nd period - Shot Misses the Net.
6:15 of 2nd period - Shot by Drew Miller.
6:15 of 2nd period - Stopped by Jhonas Enroth without a rebound.
6:16 of 2nd period - Jordan Staal wins face-off versus Tyler Bozak in Sabres zone.
6:31 of 2nd period - Icing by Jordan Staal.
6:32 of 2nd period - Brad Richards wins face-off versus Jordan Staal in Sabres zone.
6:42 of 2nd period - Brayden Schenn is hit by Jake Muzzin and loses puck.
6:54 of 2nd period - Icing by Kyle Quincey.
6:55 of 2nd period - Kyle Turris wins face-off versus Brad Richards in Oilers zone.
6:56 of 2nd period - Shot by Thomas Vanek.
6:56 of 2nd period - Stopped by Kari Lehtonen with a rebound.
7:02 of 2nd period - Thomas Vanek is hit by Bobby Ryan and loses puck.
7:24 of 2nd period - Bobby Ryan is hit by Oliver Ekman-Larsson and loses puck.
7:36 of 2nd period - Icing by Kyle Turris.
7:37 of 2nd period - Mats Zuccarello wins face-off versus Nino Niederreiter in Sabres zone.
7:39 of 2nd period - Minor Penalty to Oliver Ekman-Larsson for Tripping.
7:40 of 2nd period - Paul Gaustad wins face-off versus Tyler Bozak in Sabres zone.
7:40 of 2nd period - Paul Gaustad is hit by Shane Doan.
8:15 of 2nd period - Marc Methot is hit by Paul Gaustad and loses puck.
9:03 of 2nd period - Icing by Brad Richards.
9:04 of 2nd period - Jordan Staal wins face-off versus Brad Richards in Oilers zone.
9:49 of 2nd period - Shot by Thomas Vanek.
9:49 of 2nd period - Deflect By Kyle Turris.
9:49 of 2nd period - Stopped by Kari Lehtonen without a rebound.
9:50 of 2nd period - Brayden Schenn wins face-off versus Shane Doan in Oilers zone.
10:07 of 2nd period - Shot by Brayden Schenn.
10:07 of 2nd period - Shot Misses the Net.
10:22 of 2nd period - Shot by Brad Boyes.
10:22 of 2nd period - Stopped by Kari Lehtonen with a rebound.
10:32 of 2nd period - Shot by Jordan Staal.
10:32 of 2nd period - Shot Blocked by Alex Petrovic.
10:46 of 2nd period - Nino Niederreiter is hit by Shane Doan and loses puck.
11:36 of 2nd period - Icing by Brad Richards.
11:37 of 2nd period - Brad Richards wins face-off versus Jonathan Huberdeau in Oilers zone.
12:03 of 2nd period - Shot by Mikkel Boedker.
12:03 of 2nd period - Shot Misses the Net.
12:05 of 2nd period - Shot by Kyle Quincey.
12:05 of 2nd period - Stopped by Jhonas Enroth with a rebound.
12:07 of 2nd period - Shot by Bobby Ryan.
12:07 of 2nd period - Stopped by Jhonas Enroth without a rebound.
12:08 of 2nd period - Jordan Staal wins face-off versus Dainius Zubrus in Sabres zone.
12:08 of 2nd period - Jordan Staal is hit by Drew Miller.
12:43 of 2nd period - Shot by Jordan Staal.
12:43 of 2nd period - Shot Blocked by Chad Ruhwedel.
12:56 of 2nd period - Icing by Chad Ruhwedel.
12:57 of 2nd period - Dainius Zubrus wins face-off versus Kyle Turris in Oilers zone.
13:29 of 2nd period - Shot by Kyle Turris.
13:29 of 2nd period - Shot Misses the Net.
13:31 of 2nd period - Shot by Thomas Vanek.
13:31 of 2nd period - Stopped by Kari Lehtonen without a rebound.
13:32 of 2nd period - Brad Richards wins face-off versus Jonathan Huberdeau in Oilers zone.
13:43 of 2nd period - Minor Penalty to Francois Beauchemin for Tripping.
13:44 of 2nd period - Tyler Bozak wins face-off versus Paul Gaustad in Sabres zone.
13:45 of 2nd period - Shot by Mats Zuccarello.
13:45 of 2nd period - Stopped by Jhonas Enroth without a rebound.
13:46 of 2nd period - Tyler Bozak wins face-off versus Paul Gaustad in Sabres zone.
13:51 of 2nd period - Shot by Brian Campbell.
13:51 of 2nd period - Shot Misses the Net.
13:55 of 2nd period - Shot by Mats Zuccarello.
13:55 of 2nd period - Goal by Mats Zuccarello - Sabres : 0 - Oilers : 3.
13:56 of 2nd period - Tyler Bozak wins face-off versus Kyle Turris in neutral zone.
13:58 of 2nd period - Marc Methot is hit by Braydon Coburn and loses puck.
14:01 of 2nd period - Shot by Mats Zuccarello.
14:01 of 2nd period - Shot Misses the Net.
14:05 of 2nd period - Shot by Mats Zuccarello.
14:05 of 2nd period - Shot Misses the Net.
14:22 of 2nd period - Tyler Bozak is hit by Oliver Ekman-Larsson and loses puck.
14:28 of 2nd period - Mats Zuccarello is hit by Oliver Ekman-Larsson and loses puck.
15:14 of 2nd period - Shot by Bobby Ryan.
15:14 of 2nd period - Shot Misses the Net.
15:16 of 2nd period - Shot by Bobby Ryan.
15:16 of 2nd period - Shot Blocked by Francois Beauchemin.
15:18 of 2nd period - Shot by Bobby Ryan.
15:18 of 2nd period - Stopped by Jhonas Enroth with a rebound.
15:20 of 2nd period - Shot by Kyle Quincey.
15:20 of 2nd period - Shot Misses the Net.
15:22 of 2nd period - Shot by Jake Muzzin.
15:22 of 2nd period - Stopped by Jhonas Enroth without a rebound.
15:23 of 2nd period - Brayden Schenn wins face-off versus Dainius Zubrus in Sabres zone.
15:23 of 2nd period - Brayden Schenn is hit by Dainius Zubrus.
16:00 of 2nd period - Shot by Justin Williams.
16:00 of 2nd period - Stopped by Jhonas Enroth without a rebound.
16:01 of 2nd period - Brad Richards wins face-off versus Jonathan Huberdeau in Sabres zone.
16:49 of 2nd period - Francois Beauchemin is hit by Bobby Ryan and loses puck.
17:20 of 2nd period - Shot by Tyler Bozak.
17:20 of 2nd period - Shot Blocked by Francois Beauchemin.
17:22 of 2nd period - Shot by Kyle Quincey.
17:22 of 2nd period - Stopped by Jhonas Enroth without a rebound.
17:23 of 2nd period - Kyle Turris wins face-off versus Dainius Zubrus in Sabres zone.
17:23 of 2nd period - Kyle Turris is hit by Drew Miller.
18:07 of 2nd period - Braydon Coburn is hit by Marco Scandella and loses puck.
19:09 of 2nd period - Off-side.
19:10 of 2nd period - Brad Richards wins face-off versus Paul Gaustad in neutral zone.
19:42 of 2nd period - Off-side.
19:43 of 2nd period - Tyler Bozak wins face-off versus Kyle Turris in neutral zone.
Goals for this period are 0 for Sabres vs 2 for Oilers.
Shots for this period are 5 for Sabres vs 16 for Oilers.

3rd period


0:01 of 3rd period - Kyle Turris wins face-off versus Tyler Bozak in neutral zone.
0:03 of 3rd period - Braydon Coburn is hit by Shane Doan and loses puck.
0:15 of 3rd period - Marc Methot is hit by Braydon Coburn and loses puck.
0:32 of 3rd period - Shot by Thomas Vanek.
0:32 of 3rd period - Deflect By Nino Niederreiter.
0:32 of 3rd period - Stopped by Kari Lehtonen without a rebound.
0:33 of 3rd period - Brad Richards wins face-off versus Jordan Staal in Oilers zone.
0:33 of 3rd period - Brad Richards is hit by Jordan Staal.
0:42 of 3rd period - Minor Penalty to Grant Clitsome for High sticking.
0:43 of 3rd period - Paul Gaustad wins face-off versus Brad Richards in Sabres zone.
1:04 of 3rd period - Shot by Daniel Winnik.
1:04 of 3rd period - Shot Misses the Net.
1:06 of 3rd period - Shot by Brad Stuart.
1:06 of 3rd period - Shot Blocked by Kyle Quincey.
1:08 of 3rd period - Shot by Daniel Winnik.
1:08 of 3rd period - Shot Misses the Net.
1:10 of 3rd period - Shot by Brad Stuart.
1:10 of 3rd period - Shot Misses the Net.
1:12 of 3rd period - Shot by Brad Stuart.
1:12 of 3rd period - Shot Blocked by Kyle Quincey.
1:14 of 3rd period - Shot by Paul Gaustad.
1:14 of 3rd period - Goal by Paul Gaustad - Sabres : 1 - Oilers : 3.
1:15 of 3rd period - Daniel Winnik wins face-off versus Tyler Bozak in neutral zone.
1:38 of 3rd period - Shot by Tyler Bozak.
1:38 of 3rd period - Goal by Tyler Bozak - Sabres : 1 - Oilers : 4.
1:39 of 3rd period - Dainius Zubrus wins face-off versus Thomas Vanek in neutral zone.
1:46 of 3rd period - Shot by Justin Williams.
1:46 of 3rd period - Stopped by Jhonas Enroth without a rebound.
1:47 of 3rd period - Kyle Turris wins face-off versus Mats Zuccarello in Sabres zone.
1:52 of 3rd period - Shot by Oliver Ekman-Larsson.
1:52 of 3rd period - Stopped by Kari Lehtonen without a rebound.
1:53 of 3rd period - Kyle Turris wins face-off versus Mats Zuccarello in Oilers zone.
2:38 of 3rd period - Marc Methot is hit by Nino Niederreiter and loses puck.
3:10 of 3rd period - Bobby Ryan is hit by Francois Beauchemin and loses puck.
3:21 of 3rd period - Shot by Brad Richards.
3:21 of 3rd period - Stopped by Jhonas Enroth without a rebound.
3:22 of 3rd period - Paul Gaustad wins face-off versus Dainius Zubrus in Sabres zone.
3:29 of 3rd period - Shot by Dustin Penner.
3:29 of 3rd period - Shot Blocked by Marco Scandella.
3:31 of 3rd period - Shot by Josh Gorges.
3:31 of 3rd period - Deflect By Dustin Penner.
3:31 of 3rd period - Shot Blocked by Marco Scandella.
4:36 of 3rd period - Shot by Mikkel Boedker.
4:36 of 3rd period - Deflect By Bobby Ryan.
4:36 of 3rd period - Stopped by Jhonas Enroth without a rebound.
4:37 of 3rd period - Kyle Turris wins face-off versus Tyler Bozak in Sabres zone.
4:47 of 3rd period - Shot by Kyle Turris.
4:47 of 3rd period - Stopped by Kari Lehtonen without a rebound.
4:48 of 3rd period - Tyler Bozak wins face-off versus Jordan Staal in Oilers zone.
5:17 of 3rd period - Shot by Mats Zuccarello.
5:17 of 3rd period - Stopped by Jhonas Enroth with a rebound.
5:33 of 3rd period - Shot by Tyler Bozak.
5:33 of 3rd period - Deflect By Mats Zuccarello.
5:33 of 3rd period - Stopped by Jhonas Enroth without a rebound.
5:34 of 3rd period - Brad Richards wins face-off versus Kyle Turris in Sabres zone.
5:39 of 3rd period - Shot by Brad Richards.
5:39 of 3rd period - Deflect By Bobby Ryan.
5:39 of 3rd period - Shot Blocked by Grant Clitsome.
6:15 of 3rd period - Shot by Thomas Vanek.
6:15 of 3rd period - Shot Hit the Post.
6:17 of 3rd period - Shot by Francois Beauchemin.
6:17 of 3rd period - Stopped by Kari Lehtonen without a rebound.
6:18 of 3rd period - Daniel Winnik wins face-off versus Aleksander Barkov in Oilers zone.
6:19 of 3rd period - Shot by Josh Gorges.
6:19 of 3rd period - Shot Misses the Net.
6:22 of 3rd period - Icing by David Booth.
6:23 of 3rd period - Aleksander Barkov wins face-off versus Jordan Staal in Oilers zone.
6:58 of 3rd period - Shot by Tyler Bozak.
6:58 of 3rd period - Shot Blocked by Oliver Ekman-Larsson.
7:04 of 3rd period - Shot by Aleksander Barkov.
7:04 of 3rd period - Shot Blocked by Braydon Coburn.
7:45 of 3rd period - Shot by Mikkel Boedker.
7:45 of 3rd period - Stopped by Jhonas Enroth without a rebound.
7:46 of 3rd period - Jonathan Huberdeau wins face-off versus Dainius Zubrus in Sabres zone.
7:46 of 3rd period - Jonathan Huberdeau is hit by Dainius Zubrus.
7:56 of 3rd period - Drew Miller is hit by Brad Stuart and loses puck.
8:08 of 3rd period - Justin Williams is hit by Josh Gorges and loses puck.
8:15 of 3rd period - Shot by Justin Williams.
8:15 of 3rd period - Stopped by Jhonas Enroth without a rebound.
8:16 of 3rd period - Kyle Turris wins face-off versus Tyler Bozak in Sabres zone.
8:16 of 3rd period - Thomas Vanek is hit by Tyler Bozak and loses puck.
8:21 of 3rd period - Shot by Tyler Bozak.
8:21 of 3rd period - Stopped by Jhonas Enroth without a rebound.
8:22 of 3rd period - Tyler Bozak wins face-off versus Kyle Turris in Sabres zone.
8:25 of 3rd period - Shot by Mats Zuccarello.
8:25 of 3rd period - Shot Misses the Net.
9:28 of 3rd period - Oliver Ekman-Larsson is hit by Jake Muzzin.
9:54 of 3rd period - Bobby Ryan is hit by Paul Byron and loses puck.
10:00 of 3rd period - Jonathan Huberdeau is hit by Jake Muzzin and loses puck.
10:27 of 3rd period - Shot by Brad Boyes.
10:27 of 3rd period - Shot Misses the Net.
10:29 of 3rd period - Shot by Josh Gorges.
10:29 of 3rd period - Stopped by Kari Lehtonen without a rebound.
10:30 of 3rd period - Paul Gaustad wins face-off versus Dainius Zubrus in Oilers zone.
10:37 of 3rd period - Marco Scandella is hit by Paul Gaustad.
10:45 of 3rd period - Shot by Dainius Zubrus.
10:45 of 3rd period - Deflect By Justin Williams.
10:45 of 3rd period - Stopped by Jhonas Enroth without a rebound.
10:46 of 3rd period - Kyle Turris wins face-off versus Aleksander Barkov in Sabres zone.
10:50 of 3rd period - Icing by Josh Gorges.
10:51 of 3rd period - Tyler Bozak wins face-off versus Kyle Turris in Sabres zone.
11:30 of 3rd period - Icing by Marc Methot.
11:31 of 3rd period - Jordan Staal wins face-off versus Tyler Bozak in Oilers zone.
11:51 of 3rd period - Oliver Ekman-Larsson is hit by Marc Methot and loses puck.
12:36 of 3rd period - Paul Byron is hit by Jake Muzzin and loses puck.
12:42 of 3rd period - Off-side.
12:43 of 3rd period - Kyle Turris wins face-off versus Dainius Zubrus in neutral zone.
13:03 of 3rd period - Shot by Marco Scandella.
13:03 of 3rd period - Shot Misses the Net.
13:07 of 3rd period - Shot by Dainius Zubrus.
13:07 of 3rd period - Stopped by Jhonas Enroth with a rebound.
13:09 of 3rd period - Shot by Marco Scandella.
13:09 of 3rd period - Shot Misses the Net.
13:34 of 3rd period - Icing by Brad Stuart.
13:35 of 3rd period - Kyle Turris wins face-off versus Mats Zuccarello in Sabres zone.
13:46 of 3rd period - Shot by Mats Zuccarello.
13:46 of 3rd period - Shot Misses the Net.
14:16 of 3rd period - Shot by Shane Doan.
14:16 of 3rd period - Stopped by Jhonas Enroth without a rebound.
14:17 of 3rd period - Jordan Staal wins face-off versus Brad Richards in Sabres zone.
14:59 of 3rd period - Bobby Ryan is hit by Jordan Staal and loses puck.
15:03 of 3rd period - Kyle Quincey is hit by Jordan Staal and loses puck.
15:12 of 3rd period - Jordan Staal is hit by Jake Muzzin and loses puck.
15:34 of 3rd period - Minor Penalty to Marc Methot for Cross-checking.
15:34 of 3rd period - Double Minor Penalty to Paul Byron for High sticking.
15:35 of 3rd period - Shane Doan wins face-off versus Kyle Turris in Oilers zone.
16:03 of 3rd period - Shot by Thomas Vanek.
16:03 of 3rd period - Shot Misses the Net.
17:07 of 3rd period - Shot by Mats Zuccarello.
17:07 of 3rd period - Shot Blocked by Oliver Ekman-Larsson.
17:32 of 3rd period - Icing by Kyle Turris.
17:33 of 3rd period - Tyler Bozak wins face-off versus Kyle Turris in Sabres zone.
17:36 of 3rd period - Shot by Brian Campbell.
17:36 of 3rd period - Shot Blocked by Paul Gaustad.
17:52 of 3rd period - Shot by Mikkel Boedker.
17:52 of 3rd period - Stopped by Jhonas Enroth without a rebound.
17:53 of 3rd period - Tyler Bozak wins face-off versus Paul Gaustad in Sabres zone.
18:00 of 3rd period - Shot by Mats Zuccarello.
18:00 of 3rd period - Stopped by Jhonas Enroth without a rebound.
18:01 of 3rd period - Brad Richards wins face-off versus Paul Gaustad in Sabres zone.
18:06 of 3rd period - Shot by Bobby Ryan.
18:06 of 3rd period - Shot Blocked by Brad Stuart.
18:08 of 3rd period - Shot by Mikkel Boedker.
18:08 of 3rd period - Shot Misses the Net.
18:10 of 3rd period - Shot by Mikkel Boedker.
18:10 of 3rd period - Shot Misses the Net.
19:06 of 3rd period - Shot by Mats Zuccarello.
19:06 of 3rd period - Shot Misses the Net.
19:08 of 3rd period - Shot by Shane Doan.
19:08 of 3rd period - Stopped by Jhonas Enroth without a rebound.
19:09 of 3rd period - Tyler Bozak wins face-off versus Paul Gaustad in Sabres zone.
19:25 of 3rd period - Icing by Kyle Quincey.
19:26 of 3rd period - Paul Gaustad wins face-off versus Tyler Bozak in Oilers zone.
19:36 of 3rd period - Brian Campbell is hit by Braydon Coburn and loses puck.
19:42 of 3rd period - Icing by Braydon Coburn.
19:43 of 3rd period - Justin Williams wins face-off versus Kyle Turris in Sabres zone.
19:59 of 3rd period - Shot by Justin Williams.
19:59 of 3rd period - Shot Blocked by Braydon Coburn.
Goals for this period are 1 for Sabres vs 1 for Oilers.
Shots for this period are 6 for Sabres vs 15 for Oilers.


Output by the SimonT Hockey Simulator (STHS) for Stephane Roy -- Original Page W3C XHTML 1.0 Valid
Hockey Simulator - Hockey Simulation - Hockey Manager